 Dungeon Crawl Stone Soup version 0.22-a0-614-g34fbaa0 (webtiles) character file.

3549 zhorgal the Grappler (level 9, -13/89 HPs)
             Began as a Troll Berserker on July 19, 2018.
             Was a High Priest of Trog.
             Mangled by a two-headed ogre
             ... wielding a +0 giant spiked club
              (29 damage)
             ... on level 8 of the Dungeon.
             The game lasted 00:16:46 (6250 turns).

zhorgal the Grappler (Troll Berserker)              Turns: 6250, Time: 00:16:47

Health: -13/89     AC:  6    Str: 32    XL:     9   Next: 83%
Magic:  8/8        EV: 13    Int:  6    God:    Trog [*****.]
Gold:   443        SH:  0    Dex:  9    Spells: 8/8 levels left

rFire    . . .     SeeInvis .     - Unarmed
rCold    . . .     Gourm    +   (no shield)
rNeg     . . .     Faith    .   a - +1 animal skin
rPois    .         Spirit   .   (helmet restricted)
rElec    .         Reflect  .   (no cloak)
rCorr    .         Harm     .   (gloves unavailable)
MR       .....                  (boots unavailable)
Stlth    +.........             (no amulet)
HPRegen  0.64/turn              f - +2 ring of evasion
MPRegen  0.11/turn              y - +5 ring of strength

@: berserk cooldown, slowed, very slow
A: large, unfitting armour, claws 3, fast metabolism 3, gourmand, regeneration
1, shaggy fur 1, tough skin 2
a: Berserk, Trog's Hand, Brothers in Arms, Renounce Religion


You were on level 8 of the Dungeon.
You worshipped Trog.
Trog was extremely pleased with you.
You were very full.

You visited 1 branch of the dungeon, and saw 8 of its levels.

You collected 443 gold pieces.

Inventory:

Hand Weapons
 n - a +1 hunting sling
Missiles
 c - 291 stones
 d - 20 bolts
 j - 113 arrows
 k - 39 sling bullets
 m - 4 large rocks (quivered)
 s - 18 poisoned needles
 E - 3 tomahawks of returning
 F - 3 exploding tomahawks
Armour
 a - a +1 animal skin (worn)
 B - a +0 robe of fire resistance
Jewellery
 f - a +2 ring of evasion (left claw)
 w - an uncursed ring of protection from cold
 y - a +5 ring of strength (right claw)
Wands
 l - a wand of random effects (35)
 r - a wand of flame (58)
 G - a wand of acid (16)
 K - a wand of disintegration (16)
Scrolls
 g - 2 scrolls of fog
 i - a scroll of enchant weapon
 q - 3 scrolls of teleportation
 x - 2 scrolls of remove curse
 z - a scroll of fear
 A - 4 scrolls of enchant armour
Potions
 e - 4 potions of ambrosia
 h - a potion of flight {unknown}
 o - 4 potions of curing
 p - a potion of lignification
 t - a potion of brilliance {unknown}
 u - a potion of berserk rage {unknown}
 v - a potion of cancellation {unknown}
 D - a potion of might {unknown}
 J - a potion of haste {unknown}
 L - a potion of heal wounds {unknown}
Comestibles
 b - 9 rations
 I - 11 chunks of flesh


   Skills:
 + Level 6.0 Fighting
 + Level 5.4 Throwing
 + Level 5.0 Dodging
 * Level 10.0 Unarmed Combat


You had 8 spell levels left.
You didn't know any spells.
Your spell library contained the following spells:

 Spells                   Type           Power        Failure   Level  Hunger
 Magic Dart               Conj           #...         45%         1    ##.....
 Conjure Flame            Conj/Fire      #.......     83%         3    ####...
 Slow                     Hex            #.......     58%         2    ###....
 Mephitic Cloud           Conj/Pois/Air  #.......     83%         3    ####...
 Blink                    Tloc           N/A          58%         2    ###....
 Call Imp                 Summ           #.......     58%         2    ###....


Dungeon Overview and Level Annotations

Branches:
Dungeon (8/15)             Temple (0/1) D:4
   Lair: D:8-11

Altars:
Fedhas
Qazlal
Uskayaw
Vehumet
Wu Jian


Innate Abilities, Weirdness & Mutations

You are too large for most types of armour.
You have claws for hands.
Your metabolism is lightning-fast.
You like to eat raw meat.
Your natural rate of healing is unusually fast.
You are covered in fur. (AC +1)
You have very tough skin. (AC +2)


Message History

You barely miss the two-headed ogre. You claw the two-headed ogre!
The two-headed ogre closely misses you.
The two-headed ogre hits you with a dire flail!!
You take 22 damage, and have 99/133 hp.
You barely miss the two-headed ogre. Your claw misses the two-headed ogre.
You are no longer berserk.
You are exhausted.
You feel yourself slow down.
You now have 66/89 hp.
You barely miss the two-headed ogre. The two-headed ogre barely misses you.
The two-headed ogre hits you with a dire flail!
You take 15 damage, and have 51/89 hp.
You claw the two-headed ogre! Your claw misses the two-headed ogre.
The two-headed ogre hits you with a giant spiked club!
The two-headed ogre hits you with a dire flail!!
* * * LOW HITPOINT WARNING * * *
You take 36 damage, and have 15/89 hp.
MASSIVE DAMAGE!!
You barely miss the two-headed ogre.
The two-headed ogre hits you with a giant spiked club!!
You die...

#.#.###...###.. ##.
#.#...#.#.....# #..
#.###.........####### #..#
#.##..#.####......:.## #.#
######........#
##..####..####.#
#......#####...####.#
##.##... #..[...# #.#...##.#
#..#.# #..###.# #.###O##.#
##...# ...###.## #.# #@...#
##..# ...##...####.# ###..##
#..## ......_......# #...#
#...## .####...##...#
##..######.#..## .#
##.###...# ##..#.....##..#
##
#.###...#######......#####<.
#.....................###>..
#.......######............##
#.......................###


You could see a two-headed ogre.

Vanquished Creatures
  A two-headed ogre (D:8)
  Joseph (D:7)
  A hippogriff (D:8)
  A wyvern (D:8)
  Menkaure (D:5)
  A hornet zombie (D:8)
  2 ogres
  A black bear (D:8)
  A phantom (D:5)
  A centaur (D:7)
  3 bullfrogs (D:7)
  Blork the orc (D:4)
  3 scorpions
  2 howler monkeys
  5 crimson imps
  A bullfrog zombie (D:6)
  A centaur zombie (D:7)
  A jelly (D:7)
  A gnoll shaman (D:5)
  2 orc wizards
  3 orc priests
  A bullfrog skeleton (D:5)
  A hound (D:7)
  3 iguanas
  Natasha (thrice) (D:2)
  Terence (D:2)
  7 worker ants
  2 hound skeletons
  2 worker ant zombies (D:6)
  4 gnolls (D:5)
  6 adders
  An adder skeleton (D:6)
  2 worms
  5 dart slugs
  3 leopard geckos
  22 orcs
  7 giant cockroaches
  6 goblins
  10 hobgoblins
  28 jackals
  4 quokkas
  2 ball pythons
  8 bats
  3 frilled lizards (D:3)
  6 kobolds
  7 rats
178 creatures vanquished.

Notes
Turn   | Place    | Note
-------+----------+-------------------------------------------
     0 | D:1      | zhorgal the Troll Berserker began the quest for the Orb.
     0 | D:1      | Reached XP level 1. HP: 22/22 MP: 0/0
   457 | D:1      | Reached XP level 2. HP: 29/29 MP: 1/1
   840 | D:2      | Reached skill level 4 in Unarmed Combat
   868 | D:2      | Reached XP level 3. HP: 36/36 MP: 2/2
   986 | D:2      | Noticed Terence
   992 | D:2      | Killed Terence
  1042 | D:2      | Reached ** piety under Trog
  1073 | D:2      | Reached XP level 4. HP: 44/44 MP: 3/3
  1163 | D:2      | Noticed Natasha
  1175 | D:2      | Killed Natasha
  1288 | D:2      | Noticed Natasha
  1298 | D:2      | Killed Natasha
  1336 | D:2      | Found a stormy altar of Qazlal.
  1484 | D:2      | Noticed Natasha
  1495 | D:2      | Killed Natasha
  1495 | D:2      | Reached skill level 1 in Throwing
  1495 | D:2      | Reached skill level 5 in Unarmed Combat
  1495 | D:2      | Reached XP level 5. HP: 28/53 MP: 4/4
  2188 | D:3      | Reached *** piety under Trog
  2605 | D:4      | Noticed Blork the orc
  2611 | D:4      | Killed Blork the orc
  2611 | D:4      | Reached XP level 6. HP: 61/61 MP: 5/5
  2696 | D:4      | Reached skill level 6 in Unarmed Combat
  2872 | D:4      | Reached XP level 7. HP: 55/68 MP: 6/6
  3038 | D:4      | Found a staircase to the Ecumenical Temple.
  3336 | D:4      | Found a hide-covered altar of Uskayaw.
  3345 | D:4      | Found a radiant altar of Vehumet.
  3399 | D:5      | Entered Level 5 of the Dungeon
  3468 | D:5      | Reached **** piety under Trog
  3741 | D:5      | Reached skill level 7 in Unarmed Combat
  4130 | D:5      | Noticed Menkaure
  4150 | D:5      | Killed Menkaure
  4150 | D:5      | Reached XP level 8. HP: 79/79 MP: 7/7
  4996 | D:7      | Noticed Joseph
  5011 | D:7      | Killed Joseph
  5011 | D:7      | Reached skill level 5 in Fighting
  5011 | D:7      | Reached skill level 8 in Unarmed Combat
  5459 | D:7      | Reached ***** piety under Trog
  5459 | D:7      | Reached XP level 9. HP: 83/88 MP: 8/8
  5670 | D:7      | Found a blossoming altar of Fedhas.
  5749 | D:8      | Reached skill level 9 in Unarmed Combat
  6009 | D:8      | Reached skill level 5 in Throwing
  6040 | D:8      | Noticed a two-headed ogre
  6055 | D:8      | Killed a two-headed ogre
  6055 | D:8      | Reached skill level 5 in Dodging
  6068 | D:8      | Reached skill level 10 in Unarmed Combat
  6121 | D:8      | Found an ornate altar of the Wu Jian Council.
  6237 | D:8      | Noticed a two-headed ogre
  6250 | D:8      | Mangled by a two-headed ogre

Vault maps used:
D:1:      evilmike_arrival_run_for_it
D:2:      lemuel_coloured_pillars_altar, first_ration, uniq_terence,
          uniq_natasha
D:4:      minitemple, lemuel_temple_firewalk_a, uniq_blork_the_orc
D:5:      minmay_misc_feat_alley, uniq_menkaure
D:6:      minivault_23
D:7:      fedhas_altar_4, uniq_joseph
D:8:      nicolae_overflow_crystal_walls

Skill      XL: |  1  2  3  4  5  6  7  8  9 |
---------------+----------------------------+-----
Unarmed Combat | 4 5 6 7 8 10 | 10.0
Fighting       | 3 4 5 6 |  6.0
Throwing       | 1 2 3 4 5 |  5.4
Dodging        | 3 4 5 |  5.0

Action                   |  1- 3 |  4- 6 |  7- 9 || total
-------------------------+-------+-------+-------++-------
Melee: Unarmed           |    80 |   179 |   219 ||   478
       Punch             |     2 |     2 |     6 ||    10
Throw: Large rock        |       |       |     3 ||     3
Invok: Berserk           |       |     1 |     2 ||     3
  Use: Scroll            |       |       |    17 ||    17
 Stab: Sleeping          |       |       |     1 ||     1
  Eat: Chunk             |    15 |    18 |    31 ||    64
Armor: Animal skin       |    21 |    36 |    48 ||   105
Dodge: Dodged            |    31 |    73 |   117 ||   221

Table legend:
 A = Spawn XP
 B = Non-spawn XP
 C = Spawn XP percentage of total XP
 D = Spawn monster count
 E = Non-spawn monster count
 F = Spawn count percentage of total count
 G = Total turns spent on level
                    A         B        C        D         E        F      G
               +---------+---------+-------+---------+---------+-------+---------
         Total |       0 |    5071 |   0.0 |       0 |     178 |   0.0 |  6250
               +---------+---------+-------+---------+---------+-------+---------
           D:1 |       0 |      35 |   0.0 |       0 |      16 |   0.0 |   838
           D:2 |       0 |     196 |   0.0 |       0 |      32 |   0.0 |   995
           D:3 |       0 |     140 |   0.0 |       0 |      33 |   0.0 |   772
           D:4 |       0 |     413 |   0.0 |       0 |      30 |   0.0 |   794
           D:5 |       0 |     708 |   0.0 |       0 |      24 |   0.0 |  1024
           D:6 |       0 |     357 |   0.0 |       0 |      11 |   0.0 |   511
           D:7 |       0 |    1243 |   0.0 |       0 |      19 |   0.0 |   784
           D:8 |       0 |    1979 |   0.0 |       0 |      13 |   0.0 |   532
               +---------+---------+-------+---------+---------+-------+---------
